 Dungeon Crawl Stone Soup version 0.29-a0-998-g1987434951 (webtiles) character file.

Game seed: 14243706798210249527

502 gelatine the Chopper (level 6, 0/47 HPs)
             Began as a Demonspawn Gladiator on Aug 5, 2022.
             Slain by a gnoll
             ... wielding a +0 halberd
             ... led by a gnoll bouda
              (14 damage)
             ... on level 4 of the Dungeon.
             The game lasted 00:06:31 (3444 turns).

gelatine the Chopper (Demonspawn Gladiator)         Turns: 3444, Time: 00:06:32

Health: 0/47       AC:  4    Str: 17    XL:     6   Next: 95%
Magic:  6/6        EV: 12    Int:  9    God:
Gold:   111        SH:  0    Dex: 14    Spells: 5/5 levels left

rFire   . . .      SeeInvis .   a - +0 war axe
rCold   + . .      Faith    .   (no shield)
rNeg    . . .      Spirit   .   b - +0 leather armour
rPois   .          Reflect  .   c - +0 helmet
rElec   .          Harm     .   (no cloak)
rCorr   .          Rampage  .   (no gloves)
Will    .....                   (no boots)
Stlth   +.........              (no amulet)
HPRegen 0.15/turn               m - ring of flight
MPRegen 0.10/turn               r - ring of protection from cold

@: weakened, flying
A: demonic guardian 1, powered by death 1
a: no special abilities


You were on level 4 of the Dungeon.
You visited 1 branch of the dungeon, and saw 4 of its levels.

You collected 111 gold pieces.

Inventory:

Hand Weapons
 a - a +0 war axe (weapon)
Missiles
 d - a throwing net (quivered)
 e - a javelin
 t - 5 boomerangs of dispersal
 z - 5 curare-tipped darts
 A - 2 poisoned darts
Armour
 b - a +0 leather armour (worn)
 c - a +0 helmet (worn)
Jewellery
 m - a ring of flight (left hand)
 r - a ring of protection from cold (right hand)
Wands
 v - a wand of digging (7)
 w - a wand of mindburst (12)
Scrolls
 f - 6 scrolls of identify {unknown}
 g - a scroll of amnesia {unknown}
 i - a scroll of blinking {unknown}
 j - 2 scrolls of fear {unknown}
 k - a scroll of torment {unknown}
 l - a scroll of butterflies {unknown}
 o - a scroll of enchant weapon {unknown}
 x - a scroll of teleportation {unknown}
 y - a scroll of summoning {unknown}
Potions
 h - 3 potions of curing
 n - a potion of heal wounds {unknown}
 p - 2 potions of lignification
 q - a potion of might {unknown}
 s - a potion of haste {unknown}
 u - a potion of attraction {unknown}


   Skills:
 + Level 3.3 Fighting
 + Level 5.3 Axes
 + Level 2.0 Throwing
 + Level 2.5 Armour
 + Level 3.4 Dodging
 + Level 1.2 Stealth


You had 5 spell levels left.
You didn't know any spells.
Your spell library contained the following spells:

 Spells                   Type           Power      Damage    Failure   Level
 Slow                     Hex            0%         N/A       43%         1
 Confusing Touch          Hex            0%         N/A       82%         3
 Conjure Flame            Conj/Fire      0%         6-21      82%         3
 Ignite Poison            Fire/Tmut/Pois 0%         N/A       82%         3
 Vampiric Draining        Necr           0%         2d6       82%         3
 Sticky Flame             Conj/Fire      0%         2d3       99%         4


Dungeon Overview and Level Annotations

Branches:
Dungeon (4/15)
 Temple: D:4-7

Altars:
Ru
Sif Muna
Uskayaw


Innate Abilities, Weirdness & Mutations

A weak demonic guardian rushes to your aid.
You regenerate a little health from kills.


Message History

A gnoll comes into view. It is wielding a +0 club.
The gnoll shouts!
The gnoll bouda barks out a call to the hunt!
The gnoll picks up the pace!
You hear a shout! x2
A gnoll comes into view. It is wielding a +0 club.
The gnoll shouts!
A gnoll comes into view. It is wielding a +0 halberd.
The gnoll bouda barely misses you.
You barely miss the gnoll bouda. The gnoll bouda barely misses you.
The gnoll barely misses you.
You hit the gnoll bouda.
The gnoll bouda is lightly wounded.
You barely miss the gnoll. The gnoll hits you with a +0 club.
The gnoll barely misses you.
You hit the gnoll but do no damage. You hit the gnoll.
You slash the gnoll bouda!
The gnoll bouda hits you with a +0 whip.
The gnoll hits you with a +0 club. The gnoll completely misses you.
You hit the gnoll.
The gnoll is lightly wounded.
You closely miss the gnoll. You barely miss the gnoll bouda.
The gnoll barely misses you.
The gnoll bouda hits you with a +0 whip.
The gnoll barely misses you. The gnoll hits you but does no damage.
The gnoll bouda hits you with a +0 whip.
The gnoll hits you but does no damage.
You slash the gnoll bouda!
The gnoll bouda is almost dead.
You hit the gnoll. x2; The gnoll hits you with a +0 club.
The gnoll misses you.
The gnoll bouda gazes fiercely through you!
You feel your attacks grow feeble. The gnoll bouda barely misses you.
The gnoll hits you with a +0 club.
* * * LOW HITPOINT WARNING * * *
The gnoll barely misses you.
You barely miss the gnoll bouda.
The gnoll bouda is almost dead.
You barely miss the gnoll. You hit the gnoll.
The gnoll hits you from afar with a +0 halberd!
You die...

.....##.......####?.#
.##.....# .....#........###
#.#..#
#.......##......###...## ..
#......#.........#.....##.>
.......#..#.......# ..#...#
...)...##.#.......##$##...#
#.............g...#......##
....##..........gg.........
.....###.......g@......##
....##................##
......................#
.......)........(.<..##
...)....[...........##
...#.#.........#.....#
....##.#...###.##.......
##........#######......#
#..##.......# #......#


You could see a gnoll bouda and 3 gnolls.

Vanquished Creatures
  Sigmund (D:4)
  An ice beast (D:4)
  A necrophage (D:4)
  A howler monkey (D:4)
  5 adders
  A worm (D:2)
  A dart slug (D:1)
  2 orcs (D:3)
  4 ball pythons
  5 endoplasms
  5 giant cockroaches
  8 goblins
  3 hobgoblins
  7 quokkas
  4 bats
  3 frilled lizards
  8 kobolds
  3 rats
63 creatures vanquished.

Vanquished Creatures (collateral kills)
  A hound (D:4)
  An adder (D:3)
  A worm (D:2)
  An endoplasm (D:3)
  A goblin (D:4)
  A frilled lizard (D:1)
  A kobold (D:2)
  A rat (D:3)
8 creatures vanquished.

Grand Total: 71 creatures vanquished

Notes
Turn   | Place    | Note
-------+----------+-------------------------------------------
     0 | D:1      | gelatine the Demonspawn Gladiator began the quest for the
                  | Orb.
     0 | D:1      | Reached XP level 1. HP: 16/16 MP: 1/1
   263 | D:1      | Gained mutation: A weak demonic guardian rushes to your
                  | aid. [demonic ancestry]
   263 | D:1      | Reached XP level 2. HP: 18/22 MP: 2/2
   585 | D:1      | Reached skill level 3 in Axes
  1104 | D:2      | Found a faded altar of an unknown god.
  1176 | D:2      | Gained mutation: You regenerate a little health from kills.
                  | [demonic ancestry]
  1176 | D:2      | Reached XP level 3. HP: 26/27 MP: 3/3
  1233 | D:2      | Reached skill level 1 in Armour
  1910 | D:3      | Found a sacrificial altar of Ru.
  2010 | D:3      | Found a hide-covered altar of Uskayaw.
  2065 | D:3      | Reached XP level 4. HP: 21/34 MP: 4/4
  2244 | D:3      | Found a shimmering blue altar of Sif Muna.
  2763 | D:4      | Noticed a necrophage
  2773 | D:4      | Reached skill level 4 in Axes
  2777 | D:4      | Killed a necrophage
  2778 | D:4      | Reached XP level 5. HP: 15/39 MP: 5/5
  3017 | D:4      | Noticed Sigmund
  3034 | D:4      | Killed Sigmund
  3035 | D:4      | Reached XP level 6. HP: 27/47 MP: 6/6
  3181 | D:4      | Noticed an ice beast
  3192 | D:4      | Reached skill level 5 in Axes
  3192 | D:4      | Reached skill level 1 in Stealth
  3199 | D:4      | Killed an ice beast
  3444 | D:4      | Slain by a gnoll

Illustrated notes

Levels and vault maps discovered:
D:1:      evilmike_arrival_hilbert_curve, layout_basic, minmay_pentomino_z4
D:2:      layout_rooms, chequers_ecumenical_altar_twisty, chequers_mini_garden
D:3:      layout_loops_corners, lemuel_blue_sif_altar,
          nicolae_overflow_hidden_temple, hangedman_ru_absence,
          mainiacjoe_overflow_chevrons, gup_sewer_entry_pipe, minmay_pentangle
D:4:      layout_cave_pools, gammafunk_ghost_split, minmay_misc_feat_doors,
          uniq_sigmund

Skill      XL: |  1  2  3  4  5  6 |
---------------+-------------------+-----
Axes           | 3 4 5 |  5.3
Dodging        | 3 |  3.4
Armour         | 1 2 |  2.5
Fighting       | 3 |  3.3
Stealth        | 1 |  1.2
Throwing       | 2 |  2.0

Action                   |  1- 3 |  4- 6 || total
-------------------------+-------+-------++-------
Melee: War axe           |   120 |    92 ||   212
Throw: Throwing net      |       |     3 ||     3
  Use: Potion            |       |     2 ||     2
 Stab: Distracted        |       |     2 ||     2
Armor: Leather armour    |    54 |    29 ||    83
       Skin              |       |    23 ||    23
Dodge: Dodged            |    80 |    67 ||   147

Table legend: (Time is in decaauts)
 A = Elapsed time spent in this place.
 B = Non-inter-level travel time spent in this place.
 C = Inter-level travel time spent in this place.
 D = Time resting spent in this place.
 E = Time spent auto-exploring this place.
 F = Levels seen in this place.
 G = Mean time per level.
                   A        B        C        D        E       F      G
               +--------+--------+--------+--------+--------+-----+--------+
         Total |   3511 |   3293 |    218 |    201 |   2451 |   4 |  877.8 |
       Dungeon |   3511 |   3293 |    218 |    201 |   2451 |   4 |  877.8 |
               +--------+--------+--------+--------+--------+-----+--------+

Top non-repeatable levels by time:
     D:3: 1394 daAuts
     D:1: 975 daAuts
     D:2: 606 daAuts
     D:4: 535 daAuts
